AoeStats
← IdliDosa

Nomad

507088982Analyzed
4v4 RM · 15d ago on Sep 16, 2026· 51m 47s· 8 players
Game mode
Random Map
Map size
231×231
Population
200
Speed
Normal
Resources
Standard
Victory
Conquest
Starting age
Dark Age
Ending age
Imperial Age
RankedLock teamsTeams togetherTeam positionsShared explorationLock speedFull tech treeHidden civsTurbo modeCheats
Victory
Defeat
🇮🇳 Lithuanians · India
1289
+15
🇨🇳 Vietnamese · China
1235
+17
🇦🇷 Spanish · Argentina
1219
+18
🇮🇳 Japanese · India
1204
+19
🇫🇷 Dravidians · France
1281
-18
🇨🇴 Italians · Colombia
1268
-17
🇸🇮 Saracens · Slovenia
1261
-17
🇺🇸 Japanese · United States
1251
-17
m00n
15:10 Feudal Age
16:43 Loom
19:18 Castle Age
20:24 Wheelbarrow
19:36 Double-Bit Axe
19:32 Horse Collar
20:56 Bow Saw
20:49 Heavy Plow
22:48 Hand Cart
28:58 Forging
32:52 Husbandry
33:02 Bloodlines
34:08 Scale Barding Armor
38:08 Imperial Age
38:42 Padded Archer Armor
38:34 Fletching
39:04 Chain Barding Armor
39:20 Iron Casting
39:09 Gold Mining
39:09 Stone Mining
39:25 Elite Skirmisher
41:44 Thumb Ring
43:54 Two-Man Saw
43:17 Bodkin Arrow
43:58 Plate Barding Armor
44:24 Blast Furnace
43:40 Leather Archer Armor
43:48 Ballistics
44:29 Chemistry
43:40 Masonry
45:05 Elite Mameluke
Kryptonknight
10:56 Loom
13:22 Feudal Age
13:49 Double-Bit Axe
14:19 Fishing Lines
22:09 Wheelbarrow
25:12 Castle Age
26:26 Fletching
31:32 Bow Saw
31:20 Gillnets
35:01 Hand Cart
jomanuel28
3:12 Loom
14:17 Feudal Age
14:46 Double-Bit Axe
15:02 Fishing Lines
16:42 Wheelbarrow
19:25 Fletching
19:36 Padded Archer Armor
21:51 Castle Age
20:18 Gold Mining
23:03 Medium Warships
22:58 Bodkin Arrow
23:02 Gillnets
27:35 Leather Archer Armor
38:41 Ballistics
39:52 Horse Collar
42:54 Imperial Age
43:17 Thumb Ring
43:17 Squires
43:03 Arson
43:24 Scale Mail Armor
43:34 Forging
45:19 Chemistry
44:23 Bracer
45:08 Chain Mail Armor
45:16 Conscription
47:02 Murder Holes
Thanadiel
5:44 Loom
13:12 Feudal Age
14:34 Double-Bit Axe
16:57 Fishing Lines
23:10 Castle Age
21:47 Horse Collar
23:30 Fletching
24:21 Medium Warships
23:38 Crossbowman
24:24 Thumb Ring
23:43 Pikeman
25:32 Squires
27:12 Bodkin Arrow
28:27 Wheelbarrow
32:34 Scale Barding Armor
32:31 Padded Archer Armor
35:55 Heavy Plow
36:08 Bow Saw
38:03 Leather Archer Armor
39:20 Gold Mining
40:05 Town Watch
44:27 Ballistics
46:40 Imperial Age
46:37 Scale Mail Armor
46:47 Forging
46:50 Halberdier
47:38 Bracer
IdliDosa
5:31 Loom
17:08 Feudal Age
18:10 Double-Bit Axe
19:17 Fletching
22:44 Fishing Lines
25:58 Castle Age
24:53 Gold Mining
24:59 Stone Mining
26:54 Medium Warships
27:17 Bodkin Arrow
28:52 Clinker Construction
29:27 Gold Shaft Mining
32:16 Wheelbarrow
37:18 Imperial Age
34:34 Town Watch
35:41 Gillnets
36:13 Hand Cart
36:26 Ballistics
38:32 Heavy Warships
39:40 Chemistry
39:04 Elite Skirmisher
41:08 Bracer
40:31 Imperial Skirmisher
42:23 Bow Saw
43:01 Padded Archer Armor
43:15 Crossbowman
44:57 Leather Archer Armor
46:19 Ring Archer Armor
46:32 Conscription
46:25 Thumb Ring
46:58 Arbalester
51:12 Horse Collar
Chongyass
12:59 Feudal Age
18:15 Castle Age
17:50 Double-Bit Axe
22:30 Padded Archer Armor
22:20 Fletching
22:23 Loom
29:21 Ballistics
32:17 Wheelbarrow
35:17 Horse Collar
38:38 Imperial Age
37:14 Leather Archer Armor
36:55 Bodkin Arrow
37:10 Gold Mining
37:45 Murder Holes
37:56 Heavy Plow
39:17 Scale Barding Armor
39:22 Forging
40:04 Paper Money
40:01 Bow Saw
41:37 Ring Archer Armor
41:07 Bracer
43:01 Chemistry
42:15 Stone Mining
44:13 Hoardings
43:01 Elite Rattan Archer
45:25 Hoardings
45:29 Husbandry
45:39 Bloodlines
45:38 Light Cavalry
46:41 Chain Barding Armor
51:24 Iron Casting
51:25 Plate Barding Armor
heavensent
14:53 Feudal Age
14:29 Loom
20:33 Castle Age
22:33 Padded Archer Armor
23:29 Fletching
30:45 Gold Mining
31:15 Stone Mining
34:30 Leather Archer Armor
34:24 Husbandry
42:24 Bodkin Arrow
42:24 Double-Bit Axe
50:16 Town Watch
51:07 Wheelbarrow
51:40 Bloodlines
51:55 Bow Saw
AztecKiller2427
5:16 Loom
11:49 Feudal Age
12:22 Double-Bit Axe
17:05 Scale Barding Armor
20:06 Forging
23:21 Castle Age
21:19 Horse Collar
22:28 Bloodlines
22:13 Fishing Lines
22:51 Gold Mining
23:29 Light Cavalry
24:09 Husbandry
24:33 Chain Barding Armor
30:04 Iron Casting
29:41 Town Watch
36:00 Wheelbarrow
36:05 Bow Saw
35:57 Heavy Plow
37:33 Hand Cart
44:21 Imperial Age
42:09 Gillnets
43:56 Fletching
44:06 Padded Archer Armor
44:55 Fortified Wall
45:06 Ballistics
44:27 Treadmill Crane
44:57 Masonry
45:47 Plate Barding Armor
45:08 Bodkin Arrow
44:35 Cavalier
44:43 Elite Skirmisher
46:19 Crop Rotation
46:16 Conscription
47:11 Bracer
47:27 Leather Archer Armor
48:16 Chemistry
46:57 Imperial Skirmisher
48:28 Paladin
51:01 Architecture
Connection lost

Rejoining the realm…

Still unreachable

The connection could not be restored.

Session expired

The server has moved on; the page needs a fresh start.